 Dungeon Crawl Stone Soup version 0.21-a0-630-g344d351 (webtiles) character file.

19 Amnesiac the Grave Robber (level 2, 0/22 HPs)
             Began as a Mummy Necromancer on Dec 26, 2017.
             Slain by Natasha (9 damage)
             ... on level 2 of the Dungeon.
             The game lasted 00:01:27 (701 turns).

Amnesiac the Grave Robber (Mummy Necromancer)        Turns: 701, Time: 00:01:27

Health: 0/22       AC:  2    Str: 11    XL:     2   Next: 55%
Magic:  5/5        EV: 12    Int: 14    God:
Gold:   82         SH:  0    Dex: 12    Spells: 5/6 levels left

rFire    x . .     SeeInvis .   k - +0 fustibalus
rCold    + . .     Gourm    .   (no shield)
rNeg     + + +     Faith    .   a - +0 robe
rPois    ∞         Spirit   .   (no helmet)
rElec    .         Reflect  .   (no cloak)
rCorr    .         Harm     .   (no gloves)
MR       .....                  (no boots)
Stlth    ++........             (no amulet)
HPRegen  0.07/turn              g - ring of flight
MPRegen  0.09/turn              (no ring)

@: no status effects
A: no food or potions, fire vulnerability, cold resistance 1, negative energy
resistance 3, torment resistance, unbreathing
a: Evoke Flight


You were on level 2 of the Dungeon.
You were not hungry.

You visited 1 branch of the dungeon, and saw 2 of its levels.

You collected 82 gold pieces.

Inventory:

Hand Weapons
 e - a +0 hunting sling
 k - a +0 fustibalus (weapon)
Missiles
 f - 28 sling bullets (quivered)
 i - 60 stones
Armour
 a - a +0 robe (worn)
 j - a +0 pair of gloves
Jewellery
 g - a ring of flight (left hand)
Scrolls
 c - a scroll of immolation {!r, unknown}
 d - 2 scrolls of remove curse {!r, unknown}
 h - a scroll of enchant weapon {!r, unknown}
Books
 b - a book of Necromancy

   Spells                             Type                      Level
   a - Pain                           Necromancy                   1
   b - Animate Skeleton               Necromancy                   1
   c - Vampiric Draining              Necromancy                   3
   d - Regeneration                   Charms/Necromancy            3
   e - Animate Dead                   Necromancy                   4
   f - Borgnjor's Vile Clutch         Necromancy/Earth             5


   Skills:
 + Level 2.0 Fighting
 + Level 1.6 Dodging
 - Level 1.5 Stealth
 + Level 2.7 Spellcasting
 * Level 4.0 Necromancy


You had 5 spell levels left.
You knew the following spells:

 Your Spells              Type           Power        Failure   Level  Hunger
a - Pain                  Necr           ##..         4%          1    N/A

Dungeon Overview and Level Annotations

Branches:
Dungeon (2/15)

Altars:

Annotations:
D:2 Natasha


Innate Abilities, Weirdness & Mutations

You do not eat or drink.
Your flesh is vulnerable to fire.
You are immune to poison.
Your flesh is cold resistant. (rC+)
You are immune to negative energy. (rN+++)
You are immune to unholy pain and torment.
You can survive without breathing.


Message History

You see here 26 bolts.
Firing (i - inventory. (,) - cycle):
f - 13 sling bullets (quivered)
Press: ? - help, Shift-Dir - straight line, f/p - goblin
Aim: a goblin, wielding a hunting sling (severely wounded)
You shoot a sling bullet.
The sling bullet closely misses the goblin.
Firing (i - inventory. (,) - cycle):
f - 12 sling bullets (quivered)
Press: ? - help, Shift-Dir - straight line, f/p - goblin
Aim: a goblin, wielding a hunting sling (severely wounded)
You shoot a sling bullet. The sling bullet hits the goblin.
You kill the goblin!
No target in view!
There is an open door here.
You see here a fustibalus.
k - a fustibalus Wield which item (- for none, * to show all)? (? for menu, Esc to quit)
k - a +0 fustibalus (weapon)
There is an open door here.
You see here 26 bolts.
f - 28 sling bullets (gained 17)
You see here a hunting sling.
No target in view!
f - 29 sling bullets (gained 1)
f - 30 sling bullets (gained 1)
You see here a goblin corpse.
f - 31 sling bullets (gained 1)
There is an escape hatch in the floor, spattered with blood here.
Natasha, Servant of Life and Death comes into view.
Firing (i - inventory. (,) - cycle):
f - 31 sling bullets (quivered)
Press: ? - help, Shift-Dir - straight line, f - Natasha
Aim: Natasha (resting)
You shoot a sling bullet.
The sling bullet hits Natasha but does no damage.
Natasha hisses angrily.
Firing (i - inventory. (,) - cycle):
f - 30 sling bullets (quivered)
Press: ? - help, Shift-Dir - straight line, f/p - Natasha
Aim: Natasha You shoot a sling bullet.
The sling bullet closely misses Natasha.
Firing (i - inventory. (,) - cycle):
f - 29 sling bullets (quivered)
Press: ? - help, Shift-Dir - straight line, f/p - Natasha
Aim: Natasha You shoot a sling bullet.
The sling bullet closely misses Natasha.
Natasha mumbles some strange words.
Casting: Pain
Confirm with . or Enter, or press ? or * to list all spells.
You don't know that spell.
Casting: Pain
Confirm with . or Enter, or press ? or * to list all spells.
You don't know that spell.
Natasha casts a spell at you. The magic dart hits you! The shadow imp hits you.
* * * LOW HITPOINT WARNING * * *
The shadow imp closely misses you.
The shadow imp grins evilly.
Natasha casts a spell at you. You resist with significant effort.
Natasha howls an incantation.
Natasha shimmers violently.
Natasha wildly gestures.
Natasha glows brightly for a moment.
Natasha claws you!
You die...

#.# #.# #.# #†#
#.# #.# #># ..
#.########## .#
#...@h.5...# (#
##########.# .#
#.# (# #5# (#
#.####.#
#.####......##
#..............#
#.############.#
#


You could see Natasha and a shadow imp.

Vanquished Creatures
  A worm (D:2)
  A giant cockroach (D:1)
  4 goblins (D:2)
  2 hobgoblins (D:2)
  2 frilled lizards
  3 kobolds
  3 rats (D:1)
16 creatures vanquished.

Notes
Turn   | Place    | Note
-------+----------+-------------------------------------------
     0 | D:1      | Amnesiac the Mummy Necromancer began the quest for the Orb.
     0 | D:1      | Reached XP level 1. HP: 13/13 MP: 4/4
   118 | D:1      | Reached skill level 1 in Fighting
   438 | D:2      | Reached XP level 2. HP: 14/22 MP: 5/5
   685 | D:2      | Noticed Natasha
   701 | D:2      | Slain by Natasha

Vault maps used:
D:1:      eino_arrival_druids_welcome
D:2:      fountainhead, lemuel_flame_loot_1, uniq_natasha

Skill      XL: |  1  2 |
---------------+-------+-----
Fighting       | 1 2 |  2.0
Dodging        | |  1.6
Stealth        | |  1.5
Spellcasting   | |  2.7
Necromancy     | |  4.0

Action                   || total
-------------------------++-------
 Fire: Hunting sling     ||    22
       Fustibalus        ||     3
 Cast: Pain              ||    14
Dodge: Dodged            ||     3

Table legend:
 A = Spawn XP
 B = Non-spawn XP
 C = Spawn XP percentage of total XP
 D = Spawn monster count
 E = Non-spawn monster count
 F = Spawn count percentage of total count
 G = Total turns spent on level
                    A         B        C        D         E        F      G
               +---------+---------+-------+---------+---------+-------+---------
         Total |       0 |      28 |   0.0 |       0 |      16 |   0.0 |   701
               +---------+---------+-------+---------+---------+-------+---------
           D:1 |       0 |       9 |   0.0 |       0 |       7 |   0.0 |   390
           D:2 |       0 |      19 |   0.0 |       0 |       9 |   0.0 |   311
               +---------+---------+-------+---------+---------+-------+---------
